 Dungeon Crawl Stone Soup version 0.31-a0-263-ge8cad7f256 (webtiles) character file.

Game seed: 728596297671150319

120 Newt the Trooper (level 4, 0/13 HPs)
             Began as a Demonspawn Gladiator on July 13, 2023.
             Slain by a gnoll
             ... wielding a +0 flail
              (3 damage)
             ... on level 3 of the Dungeon.
             The game lasted 00:03:21 (1605 turns).

Newt the Trooper (Demonspawn Gladiator)             Turns: 1605, Time: 00:03:21

Health: 0/13       AC:  8    Str: 21    XL:     4   Next: 75%
Magic:  0/4        EV: 10    Int:  9    God:
Gold:   115        SH:  0    Dex: 15    Spells: 3/3 levels left

rFire   . . .        j - melded +1 dagger (elec)
rCold   . . .        (shield currently unavailable)
rNeg    . . .        b - melded +0 leather armour
rPois   .            c - melded +0 helmet
rElec   .            (cloak currently unavailable)
rCorr   .            (gloves currently unavailable)
SInv    .            p - melded +0 pair of boots
Will    .....        n - amulet of guardian spirit
Stlth   ++           (no ring)
HPRegen 0.22/turn    (no ring)
MPRegen 0.09/turn

%: guardian spirit
@: snake-form
A: constrict, amphibious, reduced hp, large, foul stench 1, (demonic touch 1)
a: Begin Untransformation


You were on level 3 of the Dungeon.
You were an enormous anaconda.
You visited 1 branch of the dungeon, and saw 3 of its levels.

You collected 115 gold pieces.

Inventory:

Hand Weapons
 a - a +0 rapier
 j - a +1 dagger of electrocution (melded)
Missiles
 d - 3 throwing nets (quivered)
 e - a javelin
Armour
 b - a +0 leather armour (melded)
 c - a +0 helmet (melded)
 p - a +0 pair of boots (melded)
Jewellery
 n - an amulet of guardian spirit (around neck)
Talismans
 q - a serpent talisman
Scrolls
 l - a scroll of poison
 u - 2 scrolls of enchant weapon
Potions
 g - a potion of brilliance {unknown}
 h - a potion of haste
 i - a potion of cancellation
 k - a potion of lignification {unknown}
 m - 2 potions of attraction {unknown}
 o - 2 potions of heal wounds {unknown}
 r - a potion of mutation {unknown}
 t - a potion of degeneration {unknown}


   Skills:
 - Level 4.0 Fighting
 - Level 2.6 Short Blades
 - Level 1.7 Throwing
 - Level 2.6 Dodging
 + Level 2.8 Stealth


You had 3 spell levels left.
You didn't know any spells.
Your spell library contained the following spells:

 Spells                   Type           Power      Damage    Failure   Level
 Sandblast                Erth           0%         2d4       38%         1
 Passwall                 Tmut/Erth      0%         N/A       52%         2
 Stone Arrow              Conj/Erth      0%         3d7       77%         3


Dungeon Overview and Level Annotations

Branches:
Dungeon (3/15)

Altars:


Innate Abilities, Weirdness & Mutations

You are an enormous anaconda.
You have a powerful constriction melee attack.
You are amphibious.
Your maximum health is decreased, since you lack skill for your form.
Your armour is entirely melded.
You are incapable of wielding weapons or throwing items.
You may rarely emit foul miasma when damaged in melee.
((Your touch may inflict minor irresistible damage on your foes.))


Message History

There is a stone staircase leading down here.
You climb downwards.
Found a scroll labelled SOM VUUTUR.
There is a stone staircase leading up here.
The gnoll shouts!
The hobgoblin shouts!
The gnoll completely misses you. The gnoll hits you with a +0 flail.
You hit the gnoll. You grab the gnoll.
The gnoll is lightly wounded.
You constrict the gnoll. The gnoll hits you with a +0 flail!
Ouch! That really hurt!
* * * LOW HITPOINT WARNING * * *
The gnoll completely misses you.
You are too injured to fight recklessly!
You are too injured to fight recklessly!
Unknown command.
You hit the gnoll.
The gnoll is severely wounded.
You constrict the gnoll. The gnoll closely misses you. x2
Unknown command.
You lash the gnoll!
You kill the gnoll!
The hobgoblin barely misses you. The gnoll hits you but does no damage.
Unknown command.
You hit the gnoll. You grab the gnoll.
The gnoll is moderately wounded.
You constrict the gnoll. The hobgoblin closely misses you.
The gnoll hits you but does no damage.
Unknown command.
You hit the gnoll.
You kill the gnoll!
The hobgoblin hits you.
* * * LOW HITPOINT WARNING * * *
Unknown command.
You lash the hobgoblin!
You kill the hobgoblin!
Unknown command.
You hit the gnoll. Your grab misses the gnoll.
The gnoll is lightly wounded.
The gnoll hits you with a +0 flail.
You die...

#........####
#.#........#~..
###.#........#8P$
......./.....####
................
#.#..........>.
#.(..<....#....
##....g.......
r.##.....S).....#
.....r.<†.)......
................#
.............#..#
..#..#.......# .#
...........?... #
..#.#####.......
. . ........# ..
##.......


You could see a gnoll and a rat.

Vanquished Creatures
  5 gnolls
  2 adders (D:2)
  A worm (D:2)
  2 dart slugs (D:2)
  3 endoplasms
  3 giant cockroaches
  8 goblins
  3 hobgoblins
  2 quokkas (D:2)
  5 ball pythons (D:2)
  5 bats
  3 frilled lizards
  2 kobolds
  5 rats
49 creatures vanquished.

Notes
Turn   | Place    | Note
-------+----------+-------------------------------------------
     0 | D:1      | Newt the Demonspawn Gladiator began the quest for the Orb.
     0 | D:1      | Reached XP level 1. HP: 16/16 MP: 1/1
   279 | D:1      | Gained mutation: Your touch may inflict minor irresistible
                  | damage on your foes. [demonic ancestry]
   279 | D:1      | Reached XP level 2. HP: 23/23 MP: 2/2
   309 | D:1      | Reached skill level 3 in Fighting
   524 | D:2      | Reached XP level 3. HP: 7/29 MP: 0/3
   816 | D:2      | Reached skill level 4 in Fighting
   819 | D:2      | Reached skill level 1 in Stealth
   916 | D:2      | Gained mutation: You may rarely emit foul miasma when
                  | damaged in melee. [demonic ancestry]
   916 | D:2      | Reached XP level 4. HP: 13/37 MP: 4/4
  1019 | D:2      | Found a faded altar of an unknown god.
  1605 | D:3      | Slain by a gnoll

Illustrated notes

Levels and vault maps discovered:
D:1:      scummos_arrival_gate, layout_basic, minmay_tetromino_t4
D:2:      layout_basic, ebering_ecumenical_altar_webs, minmay_unequal
D:3:      gammafunk_wand_slinger, layout_basic, nicolae_overflow_hidden_temple,
          grunt_decor_fettered

Skill      XL: |  1  2  3  4 |
---------------+-------------+-----
Fighting       | 3 4 |  4.0
Stealth        | 1 2 |  2.8
Short Blades   | |  2.6
Throwing       | |  1.7
Dodging        | |  2.6

Action                     |  1- 3 |  4- 6 || total
---------------------------+-------+-------++-------
  Melee: Rapier            |    27 |       ||    27
         Dagger            |    24 |       ||    24
         Touch             |     6 |       ||     6
         Punch             |     2 |       ||     2
         Unarmed           |    15 |    36 ||    51
         Constrict         |     6 |     9 ||    15
    Use: Scroll            |       |     5 ||     5
   Stab: Sleeping          |       |     4 ||     4
 Armour: Leather armour    |    14 |       ||    14
         Skin              |     1 |    11 ||    12
  Dodge: Dodged            |    47 |    19 ||    66
   Form: Anaconda          |     1 |       ||     1

Table legend: (Time is in decaauts)
 A = Elapsed time spent in this place.
 B = Non-inter-level travel time spent in this place.
 C = Inter-level travel time spent in this place.
 D = Time resting spent in this place.
 E = Time spent auto-exploring this place.
 F = Levels seen in this place.
 G = Mean time per level.
                   A        B        C        D        E       F      G
               +--------+--------+--------+--------+--------+-----+--------+
         Total |   1605 |   1526 |     79 |    431 |    789 |   3 |  535.0 |
       Dungeon |   1605 |   1526 |     79 |    431 |    789 |   3 |  535.0 |
               +--------+--------+--------+--------+--------+-----+--------+

Top non-repeatable levels by time:
     D:2: 1087 daAuts
     D:1: 507 daAuts
     D:3: 11 daAuts
